 Dungeon Crawl Stone Soup version 0.30.1-11-g7821555f0a (webtiles) character file.

Game seed: 1597801636833538805

126086 monsoonserge the Brawler (level 16, -4/166 HPs)
             Began as a Troll Fighter on Nov 15, 2023.
             Was a High Priest of Wu Jian.
             Slain by the 26-headed Lernaean hydra (12 damage)
             ... on level 4 of the Swamp.
             The game lasted 01:39:05 (23422 turns).

monsoonserge the Brawler (Troll Fighter)           Turns: 23422, Time: 01:39:06

Health: -4/166     AC: 12    Str: 28    XL:     16   Next: 43%
Magic:  15/15      EV: 15    Int: 10    God:    Wu Jian [*****.]
Gold:   2655       SH: 22    Dex: 11    Spells: 15/15 levels left

rFire   + .          .
                       - Unarmed
rCold   . . .        b - +0 tower shield
rNeg    . . .        M - +0 fire dragon scales
rPois   +            S - +1 hat {Will+}
rElec   .            x - +0 cloak
rCorr   .            (gloves unavailable)
SInv    .            (boots unavailable)
Will    ++...        K - amulet of reflection Stlth
                     V - ring of poison resistance
HPRegen 1.27/turn    Q - ring "Qidwanuk" {Ice Fly Dex+2}
MPRegen 0.14/turn

%: reflection
@: in a heavenly storm, flying, glowing
A: large, unfitting armour, claws 3, regeneration 1, shaggy fur 1, tough skin 1
a: Renounce Religion, Wall Jump, Serpent's Lash, Heavenly Storm


You were on level 4 of the Swamp.
You worshipped Wu Jian.
Wu Jian was extremely pleased with you.
You visited 5 branches of the dungeon, and saw 27 of its levels.
You also visited: Ossuary and Ice Cave.

You collected 3190 gold pieces.
You spent 535 gold pieces at shops.

Inventory:

Missiles
 k - 3 silver boomerangs
 u - 13 boomerangs (quivered)
 A - 2 boomerangs of dispersal
 H - 3 curare-tipped darts
 I - 6 silver javelins
 R - 26 large rocks
Armour
 b - a +0 tower shield (worn)
 x - a +0 cloak (worn)
 z - a +3 troll leather armour {Snorg}
 B - +0 acid dragon scales
 M - +0 fire dragon scales (worn)
 S - a +1 hat of willpower (worn)
 T - +0 ice dragon scales
 X - +0 swamp dragon scales
 Z - a +0 robe of resistance
Jewellery
 K - an amulet of reflection (around neck)
 L - a ring of fire
 Q - the ring "Qidwanuk" (right claw) {Ice Fly Dex+2}
   (You found it on level 2 of the Lair of Beasts)

   [ring of ice]

   It enhances your ice magic.
   Dex:       It affects your dexterity (+2).
   rF:        It makes you vulnerable to fire.
   rC:        It protects you from cold.
   Fly:       It grants you flight.
 U - a +6 ring of strength
 V - a ring of poison resistance (left claw)
Wands
 h - a wand of charming (2)
 v - a wand of polymorph (6)
 y - a wand of quicksilver (19)
 C - a wand of digging (7)
 O - a wand of mindburst (15)
 Y - a wand of iceblast (25)
Scrolls
 d - 6 scrolls of teleportation
 j - 5 scrolls of fog
 l - 2 scrolls of enchant armour
 n - a scroll of blinking
 p - 6 scrolls of poison
 t - a scroll of silence
 w - 4 scrolls of magic mapping
 E - 4 scrolls of immolation
 F - 2 scrolls of fear
 G - a scroll of summoning
 N - a scroll of torment
Potions
 a - 4 potions of mutation
 c - 5 potions of might
 e - 13 potions of curing
 f - 4 potions of cancellation
 g - 5 potions of lignification
 i - 6 potions of haste
 o - 4 potions of berserk rage
 q - 3 potions of resistance
 r - 7 potions of heal wounds
 s - 6 potions of attraction {unknown}
 D - 15 potions of ambrosia
 J - 2 potions of invisibility
 P - 4 potions of flight
 W - 3 potions of magic
Miscellaneous
 m - a condenser vane (inert)


   Skills:
 + Level 12.3 Fighting
 - Level 9.9 Dodging
 - Level 13.3 Shields
 * Level 19.7 Unarmed Combat
 + Level 1.4 Evocations


You had 15 spell levels left.
You didn't know any spells.
Your spell library contained the following spells:

 Spells                   Type           Power      Damage    Failure   Level
 Apportation              Tloc           0%         N/A       94%         1
 Foxfire                  Conj/Fire      0%         2x1d4     94%         1
 Necrotise                Necr           0%         1d4       94%         1
 Shock                    Conj/Air       0%         1d3       94%         1
 Summon Small Mammal      Summ           0%         N/A       94%         1
 Ensorcelled Hibernation  Hex/Ice        0%         N/A       98%         2
 Passwall                 Tmut/Erth      0%         N/A       98%         2
 Sublimation of Blood     Necr           0%         N/A       98%         2
 Dazzling Flash           Conj/Hex       0%         N/A       100%        3
 Spider Form              Tmut/Pois      0%         N/A       100%        3
 Swiftness                Air            0%         N/A       100%        3
 Airstrike                Air            0%         2d(0-16)  100%        4
 Anguish                  Hex/Necr       0%         N/A       100%        4
 Animate Dead             Necr           0%         N/A       100%        4
 Petrify                  Tmut/Erth      0%         N/A       100%        4
 Agony                    Necr           0%         N/A       100%        5
 Borgnjor's Vile Clutch   Necr/Erth      0%         N/A       100%        5
 Fireball                 Conj/Fire      0%         3d3       100%        5
 Irradiate                Conj/Tmut      0%         3d11      100%        5
 Silence                  Hex/Air        0%         N/A       100%        5
 Death Channel            Necr           0%         N/A       100%        6
 Plasma Beam              Fire/Air       0%         2x1d11    100%        6
 Simulacrum               Ice/Necr       0%         N/A       100%        6
 Starburst                Conj/Fire      0%         6d3       100%        6
 Ozocubu's Refrigeration  Ice            0%         4d7       100%        7
 Polar Vortex             Ice            0%         N/A       100%        9


Dungeon Overview and Level Annotations

Branches:
Dungeon (15/15)            Temple (1/1) D:6            Lair (5/5) D:8
  Swamp (4/4) Lair:2        Snake (0/4) Lair:3        Slime (0/5) Lair:4
    Orc (2/2) D:12            Elf (0/3) Orc:2        Vaults (0/5) D:14
 Depths (0/4) D:15        Ossuary (visited)           IceCv (visited)

Altars:
Ashenzari
Cheibriados
Dithmenos
Elyvilon
Fedhas
Gozag
Hepliaklqana
Kikubaaqudgha
Makhleb
Nemelex Xobeh
Okawaru
Qazlal
Ru
Sif Muna
Trog
Uskayaw
Vehumet
Wu Jian
Xom
Yredelemnul
Zin
The Shining One
Jiyva

Shops:
D:3 [   D:4 !!(:[   D:5 *   D:6 :   D:11 !   D:13 :   Orc:1 [   Orc:2 **[=

Portals:
Trove: D:10 (show slimy rune of Zot)

Annotations:
D:13 2 transporters, lonewolfV2's ghost, journeyman FoFi; mrw3rdna's ghost, journeyman SpEn
D:15 Agnes
Swamp:2 1 runed translucent door, Buem's ghost, adept OgHs
Swamp:4 Lernaean hydra


Innate Abilities, Weirdness & Mutations

You are too large for most types of armour.
You have claws for hands.
Your natural rate of healing is unusually fast.
You are covered in fur. (AC +1)
You have tough skin. (AC +1)


Message History

Aim: the 27-headed Lernaean hydra (golden dust, haloed, not susceptible)
Okay, then.
You spin and attack the 27-headed Lernaean hydra.
You claw one of the 27-headed Lernaean hydra's heads off!
You mangle the 26-headed Lernaean hydra!!
The 26-headed Lernaean hydra is lightly wounded.
You spin and attack the swamp dragon.
You claw the swamp dragon!
You kill the swamp dragon!
The Council accepts your kill.
You hear a deafening roar!
The 26-headed Lernaean hydra bites you but does no damage. x2
The 26-headed Lernaean hydra bites you! x2
The 26-headed Lernaean hydra closely misses you.
The 26-headed Lernaean hydra misses you.
The 26-headed Lernaean hydra bites you.
You block the 26-headed Lernaean hydra's attack.
The 26-headed Lernaean hydra bites you but does no damage.
The 26-headed Lernaean hydra bites you.
You block the 26-headed Lernaean hydra's attack.
The 26-headed Lernaean hydra bites you! The 26-headed Lernaean hydra bites you.
The 26-headed Lernaean hydra bites you! x2
* * * LOW HITPOINT WARNING * * *
The 26-headed Lernaean hydra bites you!
* * * LOW HITPOINT WARNING * * *
The 26-headed Lernaean hydra bites you!
* * * LOW HITPOINT WARNING * * *
The 26-headed Lernaean hydra bites you!
* * * LOW HITPOINT WARNING * * *
The 26-headed Lernaean hydra misses you.
You block the 26-headed Lernaean hydra's attack.
The 26-headed Lernaean hydra bites you but does no damage.
The 26-headed Lernaean hydra bites you.
* * * LOW HITPOINT WARNING * * *
The 26-headed Lernaean hydra bites you.
* * * LOW HITPOINT WARNING * * *
The 26-headed Lernaean hydra bites you.
* * * LOW HITPOINT WARNING * * *
The 26-headed Lernaean hydra misses you.
The 26-headed Lernaean hydra bites you!
You die...

.≈≈ ♣♣≈~#§~.~.~.~..♣.~.~♣ D.
k. ♣≈≈≈.♣♣#♣♣~..~♣♣♣.♣♣♣ #≈≈
#≈# ♣♣≈#.♣♣♣♣.§..♣♣ ♣♣♣
≈≈..#.~ #♣♣≈♣.~♣♣....♣♣
~.~.≈≈≈ #≈.♣♣♣~♣..~♣♣♣
~≈≈.○#≈## ##≈.♣♣≈~♣...♣♣♣
#.≈≈~.######§♣♣§§~~~~.♣♣
≈#..°≈~~.##~§§♣♣§§~~~~~~♣
^.○○.○D~.kD~~☼D@§§☼.~~~~~♣
.###≈~≈.###..k§§§☼☼~~~~~♣♣
#~≈~≈≈≈# ###§☼§§§§~~~~~.♣♣
###≈≈### #≈.♣♣☼§☼...~~~..♣♣
### ♣≈.♣♣♣≈♣~.~.~.~~~..♣ ♣♣♣
♣♣ ♣♣♣♣.......~~..♣ .~♣♣ ♣♣♣
♣≈~.♣.#....~~§♣♣
~.~♣♣♣.♣♣♣♣♣♣~~..~~....~~..♣
.~~♣♣~...~♣♣~~~#.....~~~~..♣


You could see the 26-headed Lernaean hydra and a swamp drake.

Vanquished Creatures
  A tentacled monstrosity (Swamp:3)
  Gastronok (Lair:3)
  Kirke (Lair:3)
  A thorn hunter (Swamp:3)
  Louise (D:14)
  2 ghouls (Swamp:3)
  An ironbound preserver (D:14)
  3 eleionomae
  A white draconian (IceCv)
  The ghost of monsoonserge the Thaumaturge, a journeyman DjVM of Elyvilon (Lair:1)
  2 bunyips
  Snorg (D:14)
  An ettin (Orc:1)
  2 fire dragons
  Josephine (D:14)
  14 hydras
  3 ice dragons
  2 ghost crabs
  4 boulder beetles
  4 alligators
  9 centaur warriors (D:14)
  3 two-headed ogres
  5 orc high priests (Orc:2)
  2 skysharks
  2 spriggans
  A death drake (Swamp:3)
  5 goliath frogs
  8 swamp dragons
  3 lindwurms
  2 spriggan druids (Swamp:3)
  7 bog bodies
  2 wizards (D:15)
  5 orc knights (Orc:2)
  6 orc sorcerers (Orc:2)
  2 ugly things
  4 deep elf zephyrmancers (D:12)
  5 deep elf pyromancers (D:12)
  2 manticores
  4 will-o-the-wisps
  A salamander (shapeshifter) (D:15)
  5 cyclopes
  5 black mambas
  6 elephants (Lair:3)
  2 ice statues (IceCv)
  5 torpor snails (Lair:5)
  12 cane toads
  9 komodo dragons
  An unseen horror (D:12)
  A kobold demonologist (D:11)
  11 rime drakes
  2 efreet
  A queen bee (D:10)
  4 trolls
  3 meliai (D:14)
  4 polar bears
  14 tyrant leeches
  13 dream sheep
  6 blink frogs
  11 hornets
  9 slime creatures
  34 yaks
  A vampire (D:10)
  4 water elementals (D:11)
  8 wraiths
  A human (shapeshifter) (D:15)
  7 basilisks
  9 wyverns
  3 hogs (Lair:3)
  14 vampire mosquitoes
  4 redbacks (D:8)
  A steam dragon (D:9)
  Edmund (D:5)
  5 wargs
  16 swamp worms
  2 acid dragons
  9 water moccasins
  Duvessa (D:4)
  3 swamp drakes
  17 orc warriors
  4 ice beasts
  2 sky beasts (D:7)
  9 ogres
  10 wolves
  6 centaurs (D:14)
  2 phantoms (D:5)
  11 bullfrogs
  3 kobold brigands
  A necrophage (Swamp:3)
  10 scorpions
  Dowan (D:4)
  2 lindwurm simulacra (IceCv)
  43 killer bees
  3 howler monkeys (D:9)
  5 electric eels
  4 komodo dragon simulacra (IceCv)
  9 hounds
  4 jellies
  Crazy Yiuf (D:3)
  15 orc priests
  A gnoll bouda (D:4)
  Terence (D:2)
  3 iguanas
  26 orc wizards
  10 hell rats
  A statue (D:13)
  4 mummies
  3 gnolls (D:5)
  8 acid dragon simulacra (IceCv)
  13 adders
  A shadow imp (D:6)
  2 white imps (D:5)
  2 ufetubi (D:5)
  7 steam dragon simulacra (IceCv)
  A dart slug (D:5)
  42 orcs
  10 endoplasms
  4 giant cockroaches
  2 gnoll zombies (Ossuary)
  2 goblins (D:2)
  2 hobgoblins
  3 quokkas
  6 ball pythons
  4 bats (D:1)
  3 frilled lizards
  6 goblin zombies (Ossuary)
  3 hobgoblin zombies (Ossuary)
  15 kobolds
  A kobold zombie (Ossuary)
  7 rats
727 creatures vanquished.

Vanquished Creatures (others)
  Nessos (D:15)
  An alligator (Swamp:4)
  A tyrant leech (Swamp:3)
  4 humans (Lair:3)
  16 foxfires
23 creatures vanquished.

Grand Total: 750 creatures vanquished

Notes
Turn   | Place    | Note
-------+----------+-------------------------------------------
     0 | D:1      | monsoonserge the Troll Fighter began the quest for the Orb.
     0 | D:1      | Reached XP level 1. HP: 22/22 MP: 0/0
   176 | D:1      | Reached XP level 2. HP: 28/29 MP: 1/1
   678 | D:1      | Found a faded altar of an unknown god.
   953 | D:2      | Noticed Terence
   957 | D:2      | Reached XP level 3. HP: 28/36 MP: 2/2
   963 | D:2      | Killed Terence
   964 | D:2      | Reached skill level 3 in Unarmed Combat
  1514 | D:3      | Reached XP level 4. HP: 44/44 MP: 3/3
  1632 | D:3      | Found Fentechu's Antique Armour Shop.
  1640 | D:3      | Bought a warped robe for 165 gold pieces
  1640 | D:3      | Identified the +0 robe of Nalam {Stlth+} (You bought it in
                  | a shop on level 3 of the Dungeon)
  1709 | D:3      | You fall into a shaft and drop 2 floors!
  1709 | D:5      | Entered Level 5 of the Dungeon
  1718 | D:5      | Noticed Edmund
  1777 | D:5      | Reached XP level 5. HP: 34/53 MP: 4/4
  1849 | D:5      | Reached skill level 4 in Unarmed Combat
  1864 | D:5      | HP: 1/53 [gnoll/+0 spear (4)]
  1924 | D:5      | Noticed an ogre
  1947 | D:5      | Reached XP level 6. HP: 58/61 MP: 5/5
  2065 | D:5      | Found a sand-covered staircase.
  2075 | Ossuary  | Entered an ossuary
  2075 | Ossuary  | Noticed a wraith
  2075 | Ossuary  | Noticed a wraith
  2075 | Ossuary  | Noticed a wraith
  2154 | Ossuary  | Noticed a wraith
  2164 | Ossuary  | Killed a wraith
  2165 | Ossuary  | Reached skill level 5 in Unarmed Combat
  2251 | Ossuary  | Reached XP level 7. HP: 68/68 MP: 6/6
  2529 | D:4      | Found Kauzxatag's Distillery.
  2581 | D:4      | Found Legruih's Distillery.
  2683 | D:4      | Found Pagices's Armour Shop.
  2803 | D:4      | Found a bloodstained altar of Trog.
  2840 | D:4      | Found a shadowy altar of Dithmenos.
  2874 | D:4      | Found a stormy altar of Qazlal.
  2888 | D:4      | Found Ciazoir's Book Shoppe.
  2931 | D:3      | Found a runed translucent door.
  2932 | D:3      | Noticed Crazy Yiuf
  3192 | D:3      | Killed Crazy Yiuf
  3233 | D:4      | Found a blossoming altar of Fedhas.
  3262 | D:4      | Found a shimmering altar of Xom.
  3287 | D:4      | Found Tysajeot's Weapon Emporium.
  3445 | D:4      | Reached skill level 6 in Unarmed Combat
  3539 | D:4      | Found a glowing silver altar of Zin.
  3802 | D:4      | Found an iron altar of Okawaru.
  3802 | D:4      | Found a white marble altar of Elyvilon.
  3802 | D:4      | Noticed Dowan
  3803 | D:4      | Noticed Duvessa
  3808 | D:4      | Killed Dowan
  3816 | D:4      | Killed Duvessa
  3913 | D:5      | Found an opulent altar of Gozag.
  3916 | D:5      | Found Gozag's Platinum Reserve.
  3940 | D:5      | Reached XP level 8. HP: 32/79 MP: 7/7
  3986 | D:5      | Reached skill level 5 in Shields
  4144 | D:5      | Killed Edmund
  4145 | D:5      | Reached skill level 7 in Unarmed Combat
  4374 | D:6      | Found Yjoas's Book Emporium.
  4395 | D:5      | Reached skill level 5 in Fighting
  4555 | D:6      | Reached skill level 8 in Unarmed Combat
  5082 | D:6      | Found a staircase to the Ecumenical Temple.
  5091 | Temple   | Entered the Ecumenical Temple
  5121 | Temple   | Became a worshipper of the Wu Jian Council
  5181 | D:6      | Reached XP level 9. HP: 80/88 MP: 8/8
  5763 | D:7      | Found a sacrificial altar of Ru.
  5777 | D:7      | Found a snail-covered altar of Cheibriados.
  5966 | D:7      | Reached skill level 9 in Unarmed Combat
  6153 | D:7      | Found an ancient bone altar of Kikubaaqudgha.
  6610 | D:8      | Found a runed translucent gate.
  6610 | D:8      | Found a runed translucent gate.
  6610 | D:8      | Found a runed translucent door.
  6618 | D:8      | Found a runed translucent gate.
  6621 | D:8      | Found a runed translucent door.
  6636 | D:8      | Found the +9 staff of Olgreb {rPois∞}
  6682 | D:8      | Noticed a troll
  6697 | D:8      | Killed a troll
  6789 | D:8      | Reached * piety under Wu Jian
  6950 | D:8      | Found a sparkling altar of Nemelex Xobeh.
  6981 | D:8      | Found a staircase to the Lair.
  6988 | D:8      | Reached skill level 10 in Unarmed Combat
  7058 | D:8      | Reached XP level 10. HP: 76/98 MP: 7/9
  7331 | D:9      | Found a hazy altar of Hepliaklqana.
  7812 | D:10     | Entered Level 10 of the Dungeon
  8038 | D:4      | Bought a potion of mutation for 96 gold pieces
  8038 | D:4      | Bought a potion of heal wounds for 60 gold pieces
  8075 | D:4      | Bought a potion of invisibility for 112 gold pieces
  8297 | Lair:1   | Entered Level 1 of the Lair of Beasts
  8304 | Lair:1   | Noticed a cane toad
  8312 | Lair:1   | Killed a cane toad
  8346 | Lair:1   | Reached skill level 5 in Dodging
  8557 | Lair:1   | Found a runed translucent gate.
  8557 | Lair:1   | Found a runed translucent gate.
  8557 | Lair:1   | Found a runed translucent gate.
  8560 | Lair:1   | Noticed monsoonserge's ghost (journeyman DjVM)
  8561 | Lair:1   | Noticed a cane toad
  8567 | Lair:1   | Killed a cane toad
  8568 | Lair:1   | Reached skill level 11 in Unarmed Combat
  8725 | Lair:1   | Noticed a black mamba
  8741 | Lair:1   | Killed a black mamba
  8838 | Lair:1   | Noticed a cane toad
  8846 | Lair:1   | Killed a cane toad
  8921 | Lair:1   | Noticed a fire dragon
  8956 | Lair:1   | Killed a fire dragon
  9073 | Lair:1   | Noticed a cane toad
  9085 | Lair:1   | Killed a cane toad
  9086 | Lair:1   | Reached XP level 11. HP: 38/109 MP: 4/10
  9487 | Lair:2   | Reached ** piety under Wu Jian
  9490 | Lair:2   | Reached skill level 12 in Unarmed Combat
  9641 | Lair:2   | Identified the ring "Qidwanuk" {Ice Fly Dex+2}
  9899 | Lair:2   | Found a staircase to the Swamp.
 10278 | Lair:3   | Noticed Gastronok
 10294 | Lair:3   | Killed Gastronok
 10318 | Lair:3   | Found a frozen archway.
 10318 | Lair:3   | Noticed Kirke
 10318 | Lair:3   | Noticed an ice dragon
 10324 | Lair:3   | Reached skill level 13 in Unarmed Combat
 10332 | Lair:3   | Killed an ice dragon
 10333 | Lair:3   | Reached XP level 12. HP: 90/119 MP: 7/11
 10335 | Lair:3   | Killed Kirke
 10373 | IceCv    | Entered an ice cave
 10379 | IceCv    | Reached *** piety under Wu Jian
 10589 | IceCv    | Noticed a white draconian
 10598 | IceCv    | Killed a white draconian
 10909 | Lair:3   | Noticed a five-headed hydra
 10925 | Lair:3   | Reached **** piety under Wu Jian
 10942 | Lair:3   | Reached skill level 14 in Unarmed Combat
 11181 | Lair:1   | Identified the amulet "Tyqe" {RegenMP rF+}
 11183 | Lair:1   | Identified the +0 robe "Soorgh" {Int+3}
 11881 | D:10     | Noticed a two-headed ogre
 11890 | D:10     | Killed a two-headed ogre
 11923 | D:10     | Found a portal to a secret trove of treasure.
 11978 | D:10     | Reached ***** piety under Wu Jian
 12281 | D:11     | Found Xolol's Distillery.
 12316 | D:11     | Reached XP level 13. HP: 122/131 MP: 8/12
 12394 | D:11     | Reached skill level 10 in Shields
 12639 | D:11     | Identified the +11 trident "Buthrygib" {antimagic, Will+}
 12926 | D:12     | Identified the amulet "Tuklu" {Faith -Cast Rampage Str+3}
 13023 | D:12     | Reached skill level 15 in Unarmed Combat
 13227 | Lair:3   | Found a staircase to the Snake Pit.
 14097 | Lair:4   | Reached ****** piety under Wu Jian
 14280 | Lair:4   | Found a viscous altar of Jiyva.
 14280 | Lair:4   | Found a staircase to the Slime Pits.
 14724 | Lair:5   | Entered Level 5 of the Lair of Beasts
 14828 | Lair:4   | Reached skill level 10 in Fighting
 14893 | Lair:4   | Reached skill level 16 in Unarmed Combat
 14902 | Lair:5   | Reached XP level 14. HP: 129/143 MP: 13/13
 15150 | Lair:5   | Found a runed translucent door.
 15320 | Lair:5   | Paralysed by a hornet for 3 turns
 15837 | Lair:1   | Killed monsoonserge's ghost
 16002 | D:12     | Found a staircase to the Orcish Mines.
 16572 | Orc:1    | Entered Level 1 of the Orcish Mines
 16572 | Orc:1    | Found Lyovamo's Antique Armour Shop.
 16757 | Orc:1    | Reached skill level 1 in Evocations
 17013 | Orc:2    | Entered Level 2 of the Orcish Mines
 17014 | Orc:2    | Found a staircase to the Elven Halls.
 17103 | Orc:2    | Reached skill level 17 in Unarmed Combat
 17455 | Orc:2    | Found Xogeo's Assorted Antiques.
 17523 | Orc:2    | Found Xaik Nar's Armour Shop.
 17527 | Orc:2    | Bought a scroll labelled DORCHE FEOTOARYCLUY for 20 gold
                  | pieces
 17634 | Orc:2    | Found Edwoo's Jewellery Shop.
 17636 | Orc:2    | Found Wuelas's General Store.
 17644 | Orc:2    | Bought a scroll of blinking for 82 gold pieces
 17805 | D:13     | Identified the +0 sling "Plog" {drain, Will+ Int+5}
 17911 | D:13     | Found a radiant altar of Vehumet.
 17932 | D:13     | Found Gukhifal's Book Boutique.
 17987 | D:13     | Reached XP level 15. HP: 149/150 MP: 14/14
 18109 | D:13     | Found the ring of Shadows {Umbra +Inv Stlth+}
 18119 | D:13     | Noticed mrw3rdna's ghost (journeyman SpEn)
 18119 | D:13     | Noticed lonewolfV2's ghost (journeyman FoFi)
 18130 | D:13     | Found a transporter.
 18368 | D:13     | Found a transporter.
 18706 | D:14     | Found a gate to the Vaults.
 18752 | D:14     | Noticed Snorg
 18768 | D:14     | Killed Snorg
 18939 | D:14     | Noticed Josephine
 18946 | D:14     | Killed Josephine
 19004 | D:14     | Noticed Louise
 19015 | D:14     | Killed Louise
 19259 | D:14     | Reached skill level 18 in Unarmed Combat
 19383 | D:14     | Found a sacrificial altar of Ru.
 19578 | D:15     | Entered Level 15 of the Dungeon
 19802 | D:15     | Found a staircase to the Depths.
 19911 | D:15     | Noticed Agnes
 19924 | D:15     | Noticed Nessos
 19925 | D:15     | Killed Nessos
 20746 | Swamp:1  | Entered Level 1 of the Swamp
 21610 | Swamp:2  | Found a runed translucent door.
 21610 | Swamp:2  | Noticed Buem's ghost (adept OgHs)
 22140 | Swamp:3  | Reached skill level 19 in Unarmed Combat
 22155 | Swamp:3  | Reached XP level 16. HP: 154/165 MP: 15/15
 22168 | Swamp:3  | Noticed a thorn hunter
 22181 | Swamp:3  | Killed a thorn hunter
 22777 | Swamp:3  | Noticed a tentacled monstrosity
 22784 | Swamp:3  | Killed a tentacled monstrosity
 23028 | Swamp:4  | Entered Level 4 of the Swamp
 23146 | Swamp:4  | Identified the +3 spear of Viysmikk {drain, rC+ rN+}
 23417 | Swamp:4  | Noticed the 27-headed Lernaean hydra
 23422 | Swamp:4  | HP: 8/166 [the 26-headed Lernaean hydra (6)]
 23422 | Swamp:4  | Slain by the 26-headed Lernaean hydra

Illustrated notes

Levels and vault maps discovered:
D:1:      roderic_chinese_lattice_arrival, layout_loops_ring,
          ebering_ecumenical_altar_mist, minivault_14, minmay_unequal
D:2:      layout_basic, nrook_mini_vaults, hangedman_decor_growths, uniq_terence
D:3:      layout_rooms, serial_shops, nicolae_shop_dealshenge,
          chequers_decorated_corner, minmay_misc_feat_ornament, chequers_avenue,
          uniq_crazy_yiuf_cottage
D:4:      layout_loops_ring, mainiacjoe_overflow_swirl,
          mainiacjoe_overflow_two_lobes, general_overflow_altar,
          mainiacjoe_overflow_alcove_4, gammafunk_temple_overflow_pools,
          serial_shops, nicolae_shop_real_fake_doors, shop,
          nicolae_shop_industrial_runoff, nicolae_shop_rolling_square,
          nicolae_stop_n_shop_1, kennysheep_small_spiral,
          kennysheep_generic_room_6, uniq_duvessa
D:5:      layout_loops_ring, nicolae_gozag_zags_fifth_avenue,
          gup_ossuary_entry_pyramid, uniq_edmund
D:6:      layout_basic, lemuel_temple_firewalk_b, kennysheep_windowed_goal
D:7:      mumra_celtic_spiral_tile, layout_loops_corners,
          mainiacjoe_overflow_catwalk, kiku_gazebo_garden_becter,
          mainiacjoe_overflow_six_doors_small
D:8:      layout_rooms, nemelex_xobeh_ov_fountains_minmay, erik_lair_island,
          minmay_guarded_unrand_staff_of_olgreb
D:9:      layout_roguey, lemuel_coloured_pillars_altar
D:10:     layout_roguey [special_room_bee], enter_trove_3, chequers_garden
D:11:     layout_cross, serial_shops, shop, nicolae_underground_beach
D:12:     layout_rooms, orc_0_dummy, chequers_serial_rivers_room_a,
          elves_outpost_lemuel
D:13:     layout_long_grid, nzn_ghost_randoct, serial_shops, shop,
          vehumet_statue
D:14:     layout_irregular_city, skrybe_vaults_entry_preservation,
          nicolae_ru_the_path_less_chosen, uniq_josephine, uniq_louise,
          uniq_snorg
D:15:     grunt_enter_depths_hoard, layout_cave_pools, special_room
          [special_room_orc], nicolae_wu_jian_glorious_leap, uniq_nessos,
          uniq_agnes
Temple:   nicolae_temple_ecumenical_triangle
Lair:1:   dragon1_lemuel, layout_regular_city, ebering_ghost_rock_garden,
          serial_bayou_shore_a, serial_bayou_shore_b
Lair:2:   layout_cave_shapes, minmay_swamp_entry_worms, serial_forest,
          infiniplex_forest_lined_room_, infiniplex_forest_end_2,
          infiniplex_forest_clump_diagonal, infiniplex_forest_clump_large,
          infiniplex_forest_clump_long, infiniplex_forest_lined_room_2,
          infiniplex_forest_lined_2, infiniplex_forest_clump_tiny
Lair:3:   layout_roguey, dummy_snake_entry, special_room
          [special_room_mythical_zoo], portal_ice_cave_entry_animals_and_master,
          minivault_27, nicolae_quartered_pool_impasse, uniq_kirke,
          uniq_gastronok
Lair:4:   layout_hall_layers, nicolae_slime_entry_slimehenge
Lair:5:   wormcave, layout_long_grid
Swamp:1:  layout_basic_swamp, nicolae_swamp_some_circles
Swamp:2:  layout_basic_swamp, gammafunk_ghost_grave, hangedman_swamp_pad,
          infiniplex_staircase_pool
Swamp:3:  layout_basic_swamp, hangedman_swamp_ruin_wall
Swamp:4:  swamp_old_school, layout_basic_swamp
Orc:1:    layout_caves, serial_shops, shop
Orc:2:    st_orc_elflike, layout_diamond_mine, guppyfry_library_mini

Skill      XL: |  1  2  3  4  5  6  7  8  9 10 11 12 13 14 15 16 |
---------------+-------------------------------------------------+-----
Shields        | 3 4 5 6 7 8 9 10 11 12 13 | 13.3
Unarmed Combat | 3 4 5 6 8 10 11 13 14 16 17 19 | 19.7
Fighting       | 3 4 5 6 7 8 9 10 11 12 | 12.3
Dodging        | 3 4 5 6 7 8 9 |  9.9
Evocations     | 1 |  1.4

Action                     |  1- 3 |  4- 6 |  7- 9 | 10-12 | 13-15 | 16-18 || total
---------------------------+-------+-------+-------+-------+-------+-------++-------
  Melee: Unarmed           |    84 |   134 |   277 |   726 |  1282 |   192 ||  2695
  Throw: Boomerang         |       |     1 |     2 |     5 |     4 |     7 ||    19
         Dart              |       |       |     5 |     2 |     3 |       ||    10
 Invoke: Serpent's Lash    |       |       |       |       |     4 |     2 ||     6
         Heavenly Storm    |       |       |       |       |     1 |     1 ||     2
Ability: Lunge             |       |       |     1 |    37 |   103 |    11 ||   152
         Whirlwind         |       |       |       |   199 |   362 |    47 ||   608
         Wall Jump         |       |       |       |     1 |       |       ||     1
  Evoke: Wand              |       |       |       |     6 |    10 |     6 ||    22
         Condenser vane    |       |       |       |       |       |     1 ||     1
    Use: Scroll            |     3 |     1 |     4 |     7 |     9 |     3 ||    27
         Potion            |       |     2 |       |     1 |     2 |     1 ||     6
   Stab: Sleeping          |       |     1 |     9 |     1 |       |       ||    11
         Distracted        |       |       |       |     1 |       |       ||     1
 Armour: Robe              |    22 |    15 |    33 |    17 |     2 |       ||    89
         Fire dragon scale |       |       |       |    95 |    40 |    58 ||   193
         Acid dragon scale |       |       |       |    40 |   122 |       ||   162
         Ice dragon scales |       |       |       |    21 |     1 |       ||    22
         Troll leather arm |       |       |       |       |    42 |       ||    42
  Dodge: Dodged            |    32 |    70 |   108 |   229 |   255 |    68 ||   762
  Block: Kite shield       |    28 |    57 |   106 |   258 |   402 |       ||   851
         Reflection        |       |       |       |       |    43 |     3 ||    46
         Tower shield      |       |       |       |       |   244 |   172 ||   416
